BSA
KENILWORTH ACES @ IRVINE GANG GREEN
10/04/2030
 
TOP OF THE 1ST
Kenilworth Aces batting - Pitching for Irvine Gang Green : LHP Millard Curtis
Pitching: LHP Millard Curtis
Batting: LHB José Sánchez 0-0: Ball
1-0: Called Strike
1-1: Swinging Strike
1-2: Ball
2-2: Foul Ball, location: 2F
2-2: Fly out, F8 (Flyball, 8RD)
Batting: LHB Santiago Márquez 0-0: Swinging Strike
0-1: Called Strike
0-2: Ball
1-2: Ball
2-2: Foul Ball, location: 2F
2-2: Strikes out swinging
Batting: LHB Barrett Waters 0-0: Foul Ball, location: 2F
0-1: Ball
1-1: Ball
2-1: Ball
3-1: Fly out, F9 (Flyball, 89XD)
Top of the 1st over - 0 runs, 0 hits, 0 errors, 0 left on base; Kenilworth 0 - Irvine 0
BOTTOM OF THE 1ST
Irvine Gang Green batting - Pitching for Kenilworth Aces : RHP Lorenzo Aguilar
Pitching: RHP Lorenzo Aguilar
Batting: RHB Tomás Carranza 0-0: Fly out, F7 (Flyball, 7S)
Batting: LHB Tom Baker 0-0: Called Strike
0-1: Ball
1-1: Swinging Strike
1-2: Ball
2-2: Foul Ball, location: 2F
2-2: Foul Ball, location: 2F
2-2: Strikes out looking
Batting: LHB Jeff Daniels 0-0: SINGLE (Flyball, 9LS)
Batting: LHB Víctor Quiñones 0-0: Fly out, F7 (Flyball, 7S)
Bottom of the 1st over - 0 runs, 1 hit, 0 errors, 1 left on base; Kenilworth 0 - Irvine 0
TOP OF THE 2ND
Kenilworth Aces batting - Pitching for Irvine Gang Green : LHP Millard Curtis
Batting: LHB Roy Patrick 0-0: Ball
1-0: Hit by Pitch
Batting: SHB Julián Madrid 0-0: Called Strike
0-1: DOUBLE (Groundball, 5L)
Roy Patrick to third
Batting: RHB Luis Sánchez 0-0: Called Strike
0-1: Ball
1-1: Ball
2-1: Ball
3-1: Base on Balls
Batting: RHB Jorge Jiménez 0-0: Foul Ball, location: 2F
0-1: Fielders Choice at 2nd, 3-6 (Groundball, 34)
Roy Patrick scores
Julián Madrid to third
Batting: RHB Wilbert Rodgers 0-0: Ball
1-0: SINGLE (Line Drive, 56D)
Julián Madrid scores
Jorge Jiménez to second
Batting: RHB Taylor McFarland 0-0: Ball
1-0: Fly out, F6 (Line Drive, 6)
Batting: LHB José Sánchez 0-0: Called Strike
0-1: Ball
1-1: SINGLE (Groundball, 4M) (infield hit)
Jorge Jiménez to third
Wilbert Rodgers to second
Batting: LHB Santiago Márquez 0-0: Foul Ball, location: 2F
0-1: Called Strike
0-2: Ball
1-2: Strikes out swinging
Top of the 2nd over - 2 runs, 3 hits, 0 errors, 3 left on base; Kenilworth 2 - Irvine 0
BOTTOM OF THE 2ND
Irvine Gang Green batting - Pitching for Kenilworth Aces : RHP Lorenzo Aguilar
Batting: LHB Jorge Martínez 0-0: Ball
1-0: Foul Ball, location: 2F
1-1: Ground out 4-3 (Groundball, 4D)
Batting: RHB José Salazar 0-0: Ball
1-0: Ball
2-0: Called Strike
2-1: Swinging Strike
2-2: Ball
3-2: Fly out, F8 (Flyball, 8LM)
Batting: SHB Nick Cox 0-0: Ball
1-0: Ball
2-0: Ball
3-0: Ground out 5-3 (Groundball, 5)
Bottom of the 2nd over - 0 runs, 0 hits, 0 errors, 0 left on base; Kenilworth 2 - Irvine 0
TOP OF THE 3RD
Kenilworth Aces batting - Pitching for Irvine Gang Green : LHP Millard Curtis
Batting: LHB Barrett Waters 0-0: Ball
1-0: Ball
2-0: Ground out 4-3 (Groundball, 4)
Batting: LHB Roy Patrick 0-0: Ball
1-0: Ball
2-0: Foul Ball, location: 2F
2-1: Ball
3-1: Ground out 5-3 (Groundball, 56S)
Batting: SHB Julián Madrid 0-0: Called Strike
0-1: Ball
1-1: Ball
2-1: Foul Ball, location: 2F
2-2: Ball
3-2: Ground out 6-3 (Groundball, 6M)
Top of the 3rd over - 0 runs, 0 hits, 0 errors, 0 left on base; Kenilworth 2 - Irvine 0
BOTTOM OF THE 3RD
Irvine Gang Green batting - Pitching for Kenilworth Aces : RHP Lorenzo Aguilar
Batting: SHB Carlos Córdova 0-0: Foul Ball, location: 2F
0-1: Called Strike
0-2: Ball
1-2: Ball
2-2: SINGLE (Groundball, 5D)
Batting: LHB Tony Tavárez 0-0: Called Strike
0-1: SINGLE (Groundball, 56D)
Carlos Córdova to second
Batting: RHB Tomás Carranza 0-0: Called Strike
0-1: Grounds into double play, 4-6-3 (Groundball, 34)
Carlos Córdova to third
Batting: LHB Tom Baker 0-0: Ball
1-0: Called Strike
1-1: TRIPLE (Line Drive, 9LD)
Carlos Córdova scores
Batting: LHB Jeff Daniels 0-0: SINGLE (Line Drive, 9S)
Tom Baker scores
Batting: LHB Víctor Quiñones 0-0: Ball
1-0: Ball
2-0: Ball
3-0: Base on Balls
Jeff Daniels to second
Batting: LHB Jorge Martínez 0-0: Ball
1-0: Foul Ball, location: 2F
1-1: Swinging Strike
1-2: Strikes out swinging
Bottom of the 3rd over - 2 runs, 4 hits, 0 errors, 2 left on base; Kenilworth 2 - Irvine 2
TOP OF THE 4TH
Kenilworth Aces batting - Pitching for Irvine Gang Green : LHP Millard Curtis
Batting: RHB Luis Sánchez 0-0: Called Strike
0-1: Ball
1-1: Foul Ball, location: 2F
1-2: Foul Ball, location: 2F
1-2: SOLO HOME RUN (Line Drive, 78XD), Distance : 439 ft
Batting: RHB Jorge Jiménez 0-0: Ball
1-0: Ground out 6-3 (Groundball, 56)
Batting: RHB Wilbert Rodgers 0-0: Ball
1-0: Foul Ball, location: 2F
1-1: Fly out, F9 (Flyball, 9LS)
Batting: RHB Taylor McFarland 0-0: Foul Ball, location: 2F
0-1: Ball
1-1: Ball
2-1: Swinging Strike
2-2: Ball
3-2: Hit by Pitch
Batting: LHB José Sánchez 0-0: Ground out 4-3 (Groundball, 4)
Top of the 4th over - 1 run, 1 hit, 0 errors, 1 left on base; Kenilworth 3 - Irvine 2
BOTTOM OF THE 4TH
Irvine Gang Green batting - Pitching for Kenilworth Aces : RHP Lorenzo Aguilar
Batting: RHB José Salazar 0-0: Foul Ball, location: 2F
0-1: Swinging Strike
0-2: Ground out 3-1 (Groundball, 34)
Batting: SHB Nick Cox 0-0: Fly out, F7 (Flyball, 7S)
Batting: SHB Carlos Córdova 0-0: Ball
1-0: Ball
2-0: Ground out 1-3 (Groundball, 13)
Bottom of the 4th over - 0 runs, 0 hits, 0 errors, 0 left on base; Kenilworth 3 - Irvine 2
TOP OF THE 5TH
Kenilworth Aces batting - Pitching for Irvine Gang Green : LHP Millard Curtis
Batting: LHB Santiago Márquez 0-0: Fly out, F9 (Flyball, 9S)
Batting: LHB Barrett Waters 0-0: Ground out 5-3 (Groundball, 56)
Batting: LHB Roy Patrick 0-0: Called Strike
0-1: Ball
1-1: Ball
2-1: Swinging Strike
2-2: Foul Ball, location: 2F
2-2: Fly out, F2 (Popup, 2LF)
Top of the 5th over - 0 runs, 0 hits, 0 errors, 0 left on base; Kenilworth 3 - Irvine 2
BOTTOM OF THE 5TH
Irvine Gang Green batting - Pitching for Kenilworth Aces : RHP Lorenzo Aguilar
Batting: LHB Tony Tavárez 0-0: Called Strike
0-1: Foul Ball, location: 2F
0-2: Ball
1-2: Strikes out swinging
Batting: RHB Tomás Carranza 0-0: Called Strike
0-1: Ball
1-1: DOUBLE (Line Drive, 7D)
Batting: LHB Tom Baker 0-0: Ball
1-0: Ball
2-0: Ball
3-0: Base on Balls
Batting: LHB Jeff Daniels 0-0: Called Strike
0-1: Called Strike
0-2: Ball
Balk!
Tomás Carranza to third
Tom Baker to second
1-2: DOUBLE (Line Drive, 89XD)
Tomás Carranza scores
Tom Baker scores
Batting: LHB Víctor Quiñones 0-0: Called Strike
0-1: Swinging Strike
0-2: Foul Ball, location: 2F
0-2: Strikes out swinging
Batting: LHB Jorge Martínez 0-0: Ground out 4-3 (Groundball, 4)
Bottom of the 5th over - 2 runs, 2 hits, 0 errors, 1 left on base; Kenilworth 3 - Irvine 4
TOP OF THE 6TH
Kenilworth Aces batting - Pitching for Irvine Gang Green : LHP Millard Curtis
Batting: SHB Julián Madrid 0-0: Ball
1-0: Called Strike
1-1: Ball
2-1: Foul Ball, location: 2F
2-2: Ground out 5-3 (Groundball, 56S)
Batting: RHB Luis Sánchez 0-0: Ball
1-0: Ball
2-0: Called Strike
2-1: SINGLE (Line Drive, 8LS)
Batting: RHB Jorge Jiménez 0-0: Called Strike
Luis Sánchez steals 2nd base
0-1: Ball
1-1: Swinging Strike
1-2: Foul Ball, location: 2F
1-2: Foul Ball, location: 2F
1-2: Foul Ball, location: 2F
1-2: Fly out, F5 (Popup, 25)
Batting: RHB Wilbert Rodgers 0-0: Ball
1-0: Called Strike
1-1: Ball
2-1: Ball
3-1: Base on Balls
Batting: RHB Taylor McFarland 0-0: Called Strike
0-1: Fly out, F9 (Flyball, 9S)
Top of the 6th over - 0 runs, 1 hit, 0 errors, 2 left on base; Kenilworth 3 - Irvine 4
BOTTOM OF THE 6TH
Irvine Gang Green batting - Pitching for Kenilworth Aces : RHP Lorenzo Aguilar
Batting: RHB José Salazar 0-0: Called Strike
0-1: Ball
1-1: Fly out, F7 (Flyball, 7D)
Batting: SHB Nick Cox 0-0: Fly out, F8 (Flyball, 8LS)
Batting: SHB Carlos Córdova 0-0: Swinging Strike
0-1: Ball
1-1: Swinging Strike
1-2: Ball
2-2: Foul Ball, location: 2F
2-2: Foul Ball, location: 2F
2-2: Foul Ball, location: 2F
2-2: Foul Ball, location: 2F
2-2: Ball
3-2: Base on Balls
Batting: LHB Tony Tavárez 0-0: Ball
1-0: Ball
2-0: Ball
3-0: Called Strike
3-1: Ground out 6-3 (Groundball, 56)
Bottom of the 6th over - 0 runs, 0 hits, 0 errors, 1 left on base; Kenilworth 3 - Irvine 4
TOP OF THE 7TH
Kenilworth Aces batting - Pitching for Irvine Gang Green : LHP Millard Curtis
Pitching: RHP Ramón Silva
Batting: LHB José Sánchez 0-0: Ball
1-0: Ball
2-0: Ball
3-0: Called Strike
3-1: Called Strike
3-2: Ground out 3-1 (Groundball, 34)
Batting: LHB Santiago Márquez 0-0: Swinging Strike
0-1: Ball
1-1: Ball
2-1: Swinging Strike
2-2: Strikes out swinging
Batting: LHB Barrett Waters 0-0: DOUBLE (Flyball, 8RXD)
Batting: LHB Roy Patrick 0-0: Ball
1-0: Ground out 5-3 (Groundball, 56)
Top of the 7th over - 0 runs, 1 hit, 0 errors, 1 left on base; Kenilworth 3 - Irvine 4
BOTTOM OF THE 7TH
Irvine Gang Green batting - Pitching for Kenilworth Aces : RHP Lorenzo Aguilar
Batting: RHB Tomás Carranza 0-0: Called Strike
0-1: SINGLE (Groundball, 6MS) (infield hit)
Batting: LHB Tom Baker 0-0: Swinging Strike
0-1: Ball
1-1: Grounds into double play, 6-4-3 (Groundball, 6)
Batting: LHB Jeff Daniels 0-0: Foul Ball, location: 2F
0-1: Ball
1-1: Ball
2-1: Fly out, F7 (Flyball, 7S)
Bottom of the 7th over - 0 runs, 1 hit, 0 errors, 0 left on base; Kenilworth 3 - Irvine 4
TOP OF THE 8TH
Kenilworth Aces batting - Pitching for Irvine Gang Green : RHP Ramón Silva
Pitching: RHP Raúl Saltines
Batting: SHB Julián Madrid 0-0: Called Strike
0-1: Foul Ball, location: 2F
0-2: Ball
1-2: Ball
2-2: Ball
3-2: SINGLE (Flyball, 78M)
Batting: RHB Luis Sánchez 0-0: Called Strike
0-1: Swinging Strike
0-2: Strikes out looking
Batting: RHB Jorge Jiménez 0-0: Ball
1-0: Foul Ball, location: 2F
1-1: Called Strike
1-2: Ball
2-2: Fielders Choice at 2nd, 1-6 (Groundball, 13S)
Batting: RHB Wilbert Rodgers 0-0: Swinging Strike
0-1: Foul Ball, location: 2F
0-2: Ball
1-2: Ball
2-2: Foul Ball, location: 2F
2-2: Ball
3-2: Strikes out swinging
Top of the 8th over - 0 runs, 1 hit, 0 errors, 1 left on base; Kenilworth 3 - Irvine 4
BOTTOM OF THE 8TH
Irvine Gang Green batting - Pitching for Kenilworth Aces : RHP Lorenzo Aguilar
Batting: LHB Víctor Quiñones 0-0: Foul Ball, location: 2F
0-1: Called Strike
0-2: Ball
1-2: Fly out, F7 (Flyball, 7S)
Batting: LHB Jorge Martínez 0-0: Called Strike
0-1: Ball
1-1: Fly out, F6 (Popup, 6M)
Batting: RHB José Salazar 0-0: Called Strike
0-1: Foul Ball, location: 2F
0-2: Ball
1-2: Ball
2-2: Ball
3-2: Fly out, F7 (Flyball, 7)
Bottom of the 8th over - 0 runs, 0 hits, 0 errors, 0 left on base; Kenilworth 3 - Irvine 4
TOP OF THE 9TH
Kenilworth Aces batting - Pitching for Irvine Gang Green : RHP Raúl Saltines
Now at 2B: Ronnie Brown
Batting: RHB Taylor McFarland 0-0: Fly out, F6 (Popup, 6MD)
Batting: LHB José Sánchez 0-0: Called Strike
0-1: SINGLE (Groundball, 4S) (infield hit)
Batting: LHB Santiago Márquez 0-0: Foul Ball, location: 2F
0-1: Ball
1-1: DOUBLE (Line Drive, 78XD)
José Sánchez to third
Runner from 3rd tries for Home, SAFE, no throw
Batting: LHB Barrett Waters 0-0: Intentional Walk
Batting: LHB Roy Patrick 0-0: Swinging Strike
0-1: Ball
1-1: Fly out, F5 (Line Drive, 5S)
Pitching: RHP Jesús De Los Santos
Batting: SHB Julián Madrid 0-0: Foul Ball, location: 2F
0-1: Ground out 3-1 (Groundball, 34S)
Top of the 9th over - 1 run, 2 hits, 0 errors, 2 left on base; Kenilworth 4 - Irvine 4
BOTTOM OF THE 9TH
Irvine Gang Green batting - Pitching for Kenilworth Aces : RHP Lorenzo Aguilar
Pitching: RHP Tony Rocha
Batting: SHB Nick Cox 0-0: Called Strike
0-1: Ball
1-1: Ball
2-1: Swinging Strike
2-2: Foul Ball, location: 2F
2-2: Strikes out swinging
Batting: SHB Carlos Córdova 0-0: Called Strike
0-1: Ground out 4-3 (Groundball, 4)
Pinch Hitting: LHB Tony Abete 0-0: Foul Ball, location: 2F
0-1: Ball
1-1: Bunted foul
1-2: Ball
2-2: Ball
3-2: Base on Balls
Batting: RHB Tomás Carranza 0-0: Foul Ball, location: 2F
0-1: Ball
1-1: Ground out 4-3 (Groundball, 4S)
Bottom of the 9th over - 0 runs, 0 hits, 0 errors, 1 left on base; Kenilworth 4 - Irvine 4
TOP OF THE 10TH
Kenilworth Aces batting - Pitching for Irvine Gang Green : RHP Jesús De Los Santos
Now in LF: Tony Abete
Batting: RHB Luis Sánchez 0-0: Called Strike
0-1: Ground out 5-3 (Groundball, 56)
Batting: RHB Jorge Jiménez 0-0: Called Strike
0-1: Called Strike
0-2: Ball
1-2: Ground out 6-3 (Groundball, 6)
Batting: RHB Wilbert Rodgers 0-0: SINGLE (Groundball, 56D)
Batting: RHB Taylor McFarland 0-0: Foul Ball, location: 2F
0-1: Ground out 4-3 (Groundball, 4)
Top of the 10th over - 0 runs, 1 hit, 0 errors, 1 left on base; Kenilworth 4 - Irvine 4
BOTTOM OF THE 10TH
Irvine Gang Green batting - Pitching for Kenilworth Aces : RHP Tony Rocha
Batting: LHB Tom Baker 0-0: Ball
1-0: Ball
2-0: Called Strike
2-1: Ball
3-1: Base on Balls
Batting: LHB Jeff Daniels 0-0: Called Strike
0-1: Ball
1-1: Called Strike
1-2: Foul Ball, location: 2F
1-2: Strikes out swinging
Batting: LHB Víctor Quiñones 0-0: Foul Ball, location: 2F
0-1: Grounds out, U3 (Groundball, 3L)
Pinch Hitting: LHB Tom Blake 0-0: Swinging Strike
0-1: Foul Ball, location: 2F
0-2: Ball
1-2: Fly out, F8 (Flyball, 8LS)
Bottom of the 10th over - 0 runs, 0 hits, 0 errors, 1 left on base; Kenilworth 4 - Irvine 4
TOP OF THE 11TH
Kenilworth Aces batting - Pitching for Irvine Gang Green : RHP Jesús De Los Santos
Now at 2B: Oliver Cisneros
Batting: LHB José Sánchez 0-0: Foul Ball, location: 2F
0-1: Foul Ball, location: 2F
0-2: Ball
1-2: Ball
2-2: Strikes out swinging
Batting: LHB Santiago Márquez 0-0: Called Strike
0-1: SINGLE (Groundball, 56D)
Batting: LHB Barrett Waters 0-0: Ball
1-0: Foul Ball, location: 2F
1-1: Ball
2-1: Called Strike
2-2: Ground out 3-1 (Groundball, 3)
Santiago Márquez to second
Batting: LHB Roy Patrick 0-0: Called Strike
0-1: Ball
1-1: Ball
2-1: Swinging Strike
2-2: Ball
3-2: Foul Ball, location: 2F
3-2: SINGLE (Line Drive, 8RS)
Santiago Márquez to third
Santiago Márquez scores
Batting: SHB Julián Madrid 0-0: Ball
1-0: Called Strike
1-1: Ground out 4-3 (Groundball, 4)
Top of the 11th over - 1 run, 2 hits, 0 errors, 1 left on base; Kenilworth 5 - Irvine 4
BOTTOM OF THE 11TH
Irvine Gang Green batting - Pitching for Kenilworth Aces : RHP Tony Rocha
Batting: RHB José Salazar 0-0: Foul Ball, location: 2F
0-1: Ground out 6-3 (Groundball, 56)
Batting: SHB Nick Cox 0-0: Ball
1-0: Foul Ball, location: 2F
1-1: Called Strike
1-2: Hit by Pitch
Batting: SHB Carlos Córdova 0-0: Ground out 5-3 (Groundball, 5)
Nick Cox to second
Batting: LHB Tony Abete 0-0: Called Strike
0-1: Fly out, F8 (Flyball, 8RM)
Bottom of the 11th over - 0 runs, 0 hits, 0 errors, 1 left on base; Kenilworth 5 - Irvine 4
Saturday, April 7th, 2018 - OOTP Baseball 18.8 Build 76